 Dungeon Crawl Stone Soup version 0.29.1-13-g9f3cf754e1 (webtiles) character file.

Game seed: 5032895304790288386

6 cowcol the Chopper (level 1, -2/19 HPs)
             Began as a Minotaur Monk on Feb 2, 2023.
             Slain by a gnoll
             ... wielding a +0 spear
              (7 damage)
             ... on level 1 of the Dungeon.
             The game lasted 00:00:39 (606 turns).

cowcol the Chopper (Minotaur Monk)                   Turns: 606, Time: 00:00:40

Health: -2/19      AC:  3    Str: 15    XL:     1   Next: 75%
Magic:  0/0        EV: 13    Int:  7    God:
Gold:   37         SH:  0    Dex: 12    Spells: 0/0 levels left

rFire   . . .      SeeInvis .   a - +0 hand axe
rCold   . . .      Faith    .   (no shield)
rNeg    . . .      Spirit   .   b - +0 robe
rPois   .          Reflect  .   (helmet restricted)
rElec   .          Harm     .   d - +0 cloak
rCorr   .          Rampage  .   (no gloves)
Will    .....                   (no boots)
Stlth   ++........              (no amulet)
HPRegen 0.06/turn               (no ring)
MPRegen 0.07/turn               (no ring)

@: no status effects
A: horns 2, retaliatory headbutt
a: no special abilities


You were on level 1 of the Dungeon.
You visited 1 branch of the dungeon, and saw 1 of its levels.

You collected 37 gold pieces.

Inventory:

Hand Weapons
 a - a +0 hand axe (weapon)
Armour
 b - a +0 robe (worn)
 d - a +0 cloak (worn)
Potions
 c - a potion of ambrosia
 e - a potion of mutation {unknown}


   Skills:
 + Level 3.6 Fighting
 + Level 3.7 Axes
 + Level 3.6 Dodging
 + Level 1.5 Stealth


You couldn't memorise any spells.
You didn't know any spells.
Your spell library was empty.

Dungeon Overview and Level Annotations

Branches:
Dungeon (1/15)

Altars:


Innate Abilities, Weirdness & Mutations

You have a pair of horns on your head.
You reflexively headbutt those who attack you in melee.


Message History

Unknown command.
A gnoll comes into view. It is wielding a +0 spear.
The gnoll shouts!
A ball python comes into view.
The gnoll hits you from afar with a +0 spear.
The goblin hits you but does no damage.
You closely miss the goblin. The gnoll closely misses you.
The goblin closely misses you.
You closely miss the goblin.
The ball python hisses angrily.
Your headbutt misses the goblin. The gnoll barely misses you.
The goblin hits you with a +0 dagger.
You hit the goblin.
The goblin is heavily wounded.
The gnoll hits you from afar with a +0 spear.
The goblin hits you with a +0 dagger. The goblin closely misses you.
You furiously retaliate!
You headbutt the goblin.
You kill the goblin!
The gnoll barely misses you. The ball python bites you.
The ball python grabs you. The ball python constricts you.
The gnoll closely misses you.
Things that are here:
a +0 dagger; a goblin corpse You closely miss the gnoll.
You headbutt the gnoll.
The gnoll is lightly wounded.
You hit the ball python. The ball python barely misses you.
The ball python constricts you.
* * * LOW HITPOINT WARNING * * *
The ball python bites you but does no damage.
The ball python constricts you. The gnoll barely misses you.
You barely miss the gnoll. You headbutt the gnoll.
The gnoll is moderately wounded.
You closely miss the ball python. The ball python completely misses you.
The ball python constricts you. The gnoll closely misses you.
You hit the gnoll.
The gnoll is heavily wounded.
You hit the ball python.
You kill the ball python!
The gnoll hits you with a +0 spear!
You die...

#.. ..# #.# #.# #.#
#.##+###. ###........
### ##########..@g......
..# #........#.##......#
#.###...........+......#
###..........###+......#
.............# ...####
#.#..........# ...#
#.#..........# ...#
#.##.........# ...#
..##.........#


You could see a gnoll.

Vanquished Creatures
  A ball python (D:1)
  A bat (D:1)
  An endoplasm (D:1)
  2 goblins (D:1)
  A rat (D:1)
6 creatures vanquished.

Notes
Turn   | Place    | Note
-------+----------+-------------------------------------------
     0 | D:1      | cowcol the Minotaur Monk began the quest for the Orb.
     0 | D:1      | Reached XP level 1. HP: 19/19 MP: 0/0
   606 | D:1      | Slain by a gnoll

Illustrated notes

Levels and vault maps discovered:
D:1:      heliophobic_arrival_henge, layout_basic, minmay_misc_feat_encased

Action                   || total
-------------------------++-------
Melee: Hand axe          ||    18
       Headbutt          ||     3
Armor: Robe              ||     2
Dodge: Dodged            ||    18
